 Dungeon Crawl Stone Soup version 0.30-a0-879-ga8ba668304 (webtiles) character file.

Game seed: 3044294098052872416

43742 jasper the Fighter (level 14, -1/115 HPs)
             Began as a Djinni Venom Mage on Mar 13, 2023.
             Was an Elder of Ashenzari.
             Slain by a death yak (24 damage)
             ... on level 3 of the Lair of Beasts.
             The game lasted 00:37:03 (21143 turns).

jasper the Fighter (Djinni Venom Mage)             Turns: 21143, Time: 00:37:03

Health: -1/115     AC: 11    Str:  7    XL:     14   Next: 62%
Gold:   191        EV: 21    Int: 27    God:    Ashenzari [****..] SH:  0 Dex: 20

rFire   + + .      SeeInvis +    L - +5 woodcutter's axe {Range, Melee} (curse)
rCold   x . .      Faith    .    (shield currently unavailable)
rNeg    + . .      Spirit   .    Z - +3 troll leather armour
rPois   ∞          Reflect  .    q - +0 helmet "Cursed Gnosis" {Melee, Fort} (curse)
rElec   +          Rampage  .    I - +0 cloak "At What Cost Knowledge?" {Evo, Melee} (curse)
rCorr   .          Clarity  +    V - +0 pair of gloves "Shattered Together" {Fort, Cun} (curse)
Will    +....                    (boots unavailable)
Stlth   +++++                    (no amulet)
HPRegen 1.19/turn                j - ring of Xom's Bemusement {*Slow rElec rN+ Dex+5 SInv}
MPRegen 0.00/turn                n - ring of the Revealing Seer {Int+6, Self, Range} (curse)

@: flying, studying Dodging
A: sickness immunity, fire resistance 2, cold vulnerability 1, float, innate
caster, HP casting, extra vitality 1
a: Renounce Religion, Curse Item, Shatter the Chains


You were on level 3 of the Lair of Beasts.
You worshipped Ashenzari.
Ashenzari was greatly pleased with you.
You visited 4 branches of the dungeon, and saw 18 of its levels.
You also visited: Bailey.

You collected 2156 gold pieces.
You spent 1965 gold pieces at shops.

Inventory:

Hand Weapons
 L - the cursed +5 woodcutter's axe (weapon) {Range, Melee}
   (You found it on level 8 of the Dungeon)

   It has a curse which improves the following skills: Ranged Combat: Ranged
   Weapons and Throwing.
   Melee Combat: Short Blades, Long Blades, Axes, Maces & Flails, Polearms,
   Staves and Unarmed Combat.
 M - the +5 Force Lance {heavy, knockback}
   (You found it on level 9 of the Dungeon)
Missiles
 c - 130 stones
 y - 23 boomerangs
 N - 5 throwing nets
Armour
 q - the cursed +0 helmet "Cursed Gnosis" (worn) {Melee, Fort}
   (You took it off Robin on level 4 of the Dungeon)

   It has a curse which improves the following skills: Melee Combat: Short
   Blades, Long Blades, Axes, Maces & Flails, Polearms, Staves and Unarmed
   Combat.
   Fortitude: Armour and Shields.
 I - the cursed +0 cloak "At What Cost Knowledge?" (worn) {Evo, Melee}
   (You bought it in a shop on level 7 of the Dungeon)

   It has a curse which improves the following skills: Evocations: Evocations.
   Melee Combat: Short Blades, Long Blades, Axes, Maces & Flails, Polearms,
   Staves and Unarmed Combat.
 S - a +0 buckler
 V - the cursed +0 pair of gloves "Shattered Together" (worn) {Fort, Cun}
   (You found it on level 1 of the Lair of Beasts)

   It has a curse which improves the following skills: Fortitude: Armour and
   Shields.
   Cunning:   Dodging and Stealth.
 X - a +0 cloak
 Z - a +3 troll leather armour (worn)
Magical Staves
 i - a staff of air
 l - a staff of death
 O - a staff of poison
 R - a staff of conjuration
Jewellery
 b - a ring of fire
 j - the ring of Xom's Bemusement (left hand) {*Slow rElec rN+ Dex+5 SInv}
   (You found it on level 2 of the Dungeon)

   [ring of see invisible]

   Dex:       It affects your dexterity (+5).
   rElec:     It insulates you from electricity.
   rN:        It protects you from negative energy.
   SInv:      It lets you see invisible.
   *Slow:     It may slow you when you take damage.
 n - the cursed ring of the Revealing Seer (right hand) {Int+6, Self, Range}
   (You found it on level 3 of the Dungeon)

   [ring of intelligence]

   Int:       It affects your intelligence (+6).
   It has a curse which improves the following skills: Introspection: Fighting
   and Spellcasting.
   Ranged Combat: Ranged Weapons and Throwing.
 J - a ring of ice
 Q - a +5 ring of evasion
 T - a +5 ring of evasion
Wands
 w - a wand of paralysis (14)
 A - a wand of flame (3)
 U - a wand of polymorph (6)
Scrolls
 a - a scroll of summoning
 e - a scroll of brand weapon
 g - 6 scrolls of fog
 s - 9 scrolls of teleportation
 t - a scroll of poison
 u - 2 scrolls of magic mapping
 B - 3 scrolls of vulnerability
 E - a scroll of enchant weapon
 F - a scroll of immolation
 H - a scroll of torment
 P - 6 scrolls of identify
Potions
 d - 5 potions of mutation
 f - 3 potions of attraction
 h - 4 potions of curing
 k - 7 potions of lignification
 m - 2 potions of berserk rage
 o - 2 potions of cancellation
 p - 5 potions of invisibility
 r - 5 potions of haste
 z - 3 potions of ambrosia
 C - a potion of resistance
 D - a potion of flight
 G - 2 potions of might
 K - a potion of brilliance
Miscellaneous
 v - a phantom mirror
 x - a condenser vane


   Skills:
 + Level 13.8(15.7) Fighting
 - Level 2.6(5.0) Armour
 + Level 12.8(14.7) Dodging
 + Level 10.8(12.7) Stealth
 - Level 2.7(5.1) Shields
 * Level 9.3(11.3) Spellcasting


You knew the following spells:

 Your Spells              Type           Power      Damage    Failure   Level
a - Sting                 Tmut/Pois      100%       1d8       1%          1
b - Poisonous Vapours     Pois/Air       100%       N/A       1%          2
c - Mephitic Cloud        Conj/Pois/Air  66%        N/A       1%          3
d - Olgreb's Toxic Radia  Pois           66%        N/A       1%          4
e - Magic Dart            Conj           100%       1d8       1%          1
f - Scorch                Fire           100%       2d10      1%          2
g - Static Discharge      Conj/Air       100%       2-7/arc   1%          2
h - Teleport Other        Tloc           66%        N/A       1%          3
i - Yara's Violent Unrav  Hex/Tmut       33%        3d14      1%          5
j - Lightning Bolt        Conj/Air       33%        1d50      1%          5
Your spell library was empty.

Dungeon Overview and Level Annotations

Branches:
Dungeon (12/15)            Temple (1/1) D:4            Lair (3/5) D:8
  Swamp (0/4) Lair:3       Spider (0/4) Lair:2          Orc (2/2) D:12
    Elf (0/3) Orc:2        Bailey (visited)

Altars:
Ashenzari
Cheibriados
Dithmenos
Elyvilon
Fedhas
Gozag
Hepliaklqana
Makhleb
Nemelex Xobeh
Okawaru
Qazlal
Ru
Trog
Uskayaw
Wu Jian
Xom
Yredelemnul
Zin
The Shining One

Shops:
D:5 *[:([   D:7 [(   D:10 *   Orc:1 ((:((   Orc:2 *:(?:

Annotations:
D:1 2 transporters
D:4 2 transporters, cforsyth's ghost, amateur BaFi
D:11 Harold


Innate Abilities, Weirdness & Mutations

You are immune to sickness and miasma.
You are immune to poison.
Your flesh is very heat resistant. (rF++)
You are vulnerable to cold. (rC-)
You float through the air rather than walking.
You learn spells naturally, not from books.
Your magical power is your life essence.
You have superior vitality. (+4 MHP)


Message History

You hit the death yak. You slash the cane toad!
The death yak looks even sicker.
The cane toad misses you. The death yak gores you. The death yak gores you!
You take 14 damage, and have 82/115 hp.
You barely miss the death yak.
The death yak is heavily wounded.
You hit the death yak but do no damage. You barely miss the cane toad.
The cane toad stings you! The death yak barely misses you.
The death yak closely misses you. The cane toad barely misses you.
You take 14 damage, and have 68/115 hp.
You hit the death yak but do no damage.
The death yak is severely wounded.
You barely miss the death yak. You slash the cane toad!
The death yak looks as sick as possible!
Your toxic aura wanes.
The death yak gores you! The death yak closely misses you.
The cane toad barely misses you.
You take 12 damage, and have 56/115 hp.
The white imp shouts!
You hit the death yak.
The death yak is severely wounded.
You hit the death yak. You barely miss the cane toad. The cane toad stings you!
The death yak misses you.
The death yak gores you but does no damage.
You take 9 damage, and have 47/115 hp.
Casting: Olgreb's Toxic Radiance (mildly dangerous; 1% risk of failure)
Confirm with . or Enter, or press ? or * to list all spells.
You begin to radiate toxic energy.
The cane toad stings you! The white imp gestures at you.
The puff of frost misses you. The death yak gores you!
* * * LOW HITPOINT WARNING * * *
The death yak barely misses you.
You take 26 damage, and have 21/115 hp.
MASSIVE DAMAGE!!
The death yak looks as sick as possible!
Your toxic aura wanes.
The cane toad barely misses you. The white imp gestures at you.
The puff of frost hits you but does no damage.
The death yak gores you!!
You die...

, ,..##....#*#.#P...5...###
* ......<.######.#.h.5.# *
* ##?......########h55##
##.........#.#.###.h..##
###......................#*
#...............5......h...
#...............#.##.....#.
#......?..Y....####.......#
#.....>..Y@..##.# *#.......
#.......).F..#*## .##..
##.........### * #**.
!.....>....# *
##..##...#### , * ...#
##P## * ...* ### , , ,


You could see 2 death yaks, a cane toad and a white imp.

Vanquished Creatures
  Gastronok (D:10)
  An orc warlord (Orc:2)
  Fannar (D:12)
  Erolcha (D:9)
  Erica (Lair:1)
  3 death yaks (Lair:3)
  A two-headed ogre (D:12)
  Urug (Lair:2)
  4 orc high priests (Orc:2)
  Sonja (D:12)
  Nergalle (D:11)
  5 deep elf zephyrmancers (Orc:1)
  An orc knight (D:12)
  7 deep elf pyromancers
  2 orc sorcerers
  A manticore (D:11)
  A black mamba (Lair:2)
  5 elephants (Lair:2)
  6 cane toads
  An unseen horror (D:10)
  3 kobold demonologists (D:10)
  2 rime drakes (Lair:2)
  5 komodo dragons
  Psyche (D:11)
  5 trolls
  11 slime creatures (D:12)
  2 shadows
  6 basilisks
  3 wraiths
  A wyvern (Lair:2)
  16 yaks
  8 vampire mosquitoes
  4 steam dragons
  3 wargs
  An acid dragon (D:11)
  7 water moccasins
  25 orc warriors
  2 sky beasts (D:6)
  A swamp drake (D:12)
  A black bear (D:5)
  3 ogres
  13 wolves
  2 centaurs
  11 bullfrogs
  8 kobold brigands
  11 gnoll sergeants
  4 scorpions
  6 wights
  3 killer bees (D:8)
  An electric eel (D:8)
  5 howler monkeys
  6 hounds
  35 orc priests
  9 gnoll boudas
  2 iguanas
  2 sleepcaps
  32 orc wizards
  Robin (D:4)
  33 gnolls
  8 adders
  3 shadow imps
  12 white imps
  4 ufetubi (D:8)
  5 worms
  2 dart slugs
  71 orcs
  7 endoplasms
  4 giant cockroaches
  12 goblins
  12 hobgoblins
  4 jackals (D:3)
  32 kobolds
  6 quokkas
  13 ball pythons
  5 bats
  6 frilled lizards
  A rat (D:2)
546 creatures vanquished.

Vanquished Creatures (others)
  7 demonic plants (D:8)
  12 fungi
  29 plants
48 creatures vanquished.

Grand Total: 594 creatures vanquished

Notes
Turn   | Place    | Note
-------+----------+-------------------------------------------
     0 | D:1      | jasper the Djinni Venom Mage began the quest for the Orb.
     0 | D:1      | jasper set off with the following spells memorised: Sting,
                  | Poisonous Vapours, Mephitic Cloud, Olgreb's Toxic Radiance.
     0 | D:1      | Reached XP level 1. HP: 15/15 MP: 0/0
   126 | D:1      | Reached XP level 2. HP: 21/21 MP: 0/0
   368 | D:1      | Reached XP level 3. HP: 18/25 MP: 0/0
   368 | D:1      | Learned a level 1 spell: Magic Dart
  1193 | D:2      | Reached XP level 4. HP: 25/31 MP: 0/0
  1355 | D:2      | Identified the ring of Xom's Bemusement {*Slow rElec rN+
                  | Dex+5 SInv}
  1524 | D:2      | Found a glowing silver altar of Zin.
  1941 | D:3      | Found a faded altar of an unknown god.
  1994 | D:3      | Reached XP level 5. HP: 30/35 MP: 0/0
  1994 | D:3      | Learned a level 2 spell: Scorch
  2179 | D:3      | Found a bloodstained altar of Trog.
  2918 | D:3      | Found an ornate altar of the Wu Jian Council.
  3115 | D:4      | Found a sparkling altar of Nemelex Xobeh.
  3288 | D:4      | Found a staircase to the Ecumenical Temple.
  3300 | Temple   | Entered the Ecumenical Temple
  3394 | D:4      | Reached XP level 6. HP: 31/40 MP: 0/0
  3403 | D:4      | Reached skill level 5 in Spellcasting
  3443 | D:4      | Noticed Robin
  3451 | D:4      | Killed Robin
  3571 | D:4      | Found a transporter.
  3571 | D:4      | Noticed cforsyth's ghost (amateur BaFi)
  3627 | D:4      | Found a transporter.
  3641 | D:4      | Noticed an ogre
  3657 | D:4      | Killed an ogre
  3799 | D:4      | Found a broken altar of Ashenzari.
  3799 | D:4      | Found a snail-covered altar of Cheibriados.
  3813 | D:4      | Became a worshipper of Ashenzari the Shackled
  4161 | D:4      | Reached XP level 7. HP: 39/45 MP: 0/0
  4161 | D:4      | Learned a level 2 spell: Static Discharge
  4238 | D:5      | Entered Level 5 of the Dungeon
  4279 | D:5      | Found Fixkir's Weapon Shop.
  4417 | D:5      | Found Jeistoro's Book Emporium.
  4480 | D:5      | Reached skill level 1 in Fighting
  4704 | D:5      | Reached skill level 2 in Fighting
  4704 | D:5      | Reached XP level 8. HP: 49/54 MP: 0/0
  4763 | D:5      | Noticed a shadow
  4808 | D:5      | Killed a shadow
  4913 | D:5      | Reached skill level 3 in Fighting
  4963 | D:5      | Found Mijosiog's Assorted Antiques.
  4979 | D:5      | Bought a golden potion for 19 gold pieces
  4979 | D:5      | Bought a viscous golden potion for 19 gold pieces
  4979 | D:5      | Bought a fizzy black potion for 19 gold pieces
  5293 | D:5      | Found Cistung's Antique Armour Shoppe.
  5316 | D:5      | Found Ecorenn's Antique Armour Emporium.
  5685 | D:6      | Found a shadowy altar of Dithmenos.
  5772 | D:6      | Reached skill level 5 in Dodging
  5795 | D:6      | Reached skill level 4 in Fighting
  5795 | D:6      | Reached XP level 9. HP: 59/63 MP: 0/0
  5795 | D:6      | Learned a level 3 spell: Teleport Other
  6089 | D:6      | Found a blossoming altar of Fedhas.
  6583 | D:7      | Reached skill level 5 in Fighting
  6709 | D:7      | Found Monk's Weapon Boutique.
  6750 | D:7      | Reached skill level 5 in Stealth
  6968 | D:7      | Found a glowing silver altar of Zin.
  7129 | D:7      | Found an iron altar of Okawaru.
  7380 | D:7      | Found Femec's Antique Armour Shoppe.
  7383 | D:7      | Bought a cloak for 153 gold pieces
  7444 | D:8      | Found a staircase to the Lair.
  8197 | D:8      | Found a shimmering altar of Xom.
  8197 | D:8      | Found a basalt altar of Yredelemnul.
  8201 | D:8      | Reached skill level 6 in Fighting
  8229 | D:8      | Reached XP level 10. HP: 51/73 MP: 0/0
  8457 | D:8      | Found the +5 woodcutter's axe
  9002 | D:9      | Found the +5 Force Lance {heavy, knockback}
  9003 | D:9      | Found a flagged portal.
  9036 | D:9      | Reached skill level 7 in Fighting
  9135 | Bailey   | Entered a bailey
  9838 | Bailey   | Identified the +1 ring mail "Ream" {Dex+4}
  9966 | D:9      | Noticed Erolcha
  9991 | D:9      | Killed Erolcha
  9992 | D:9      | Reached skill level 8 in Fighting
 10049 | D:9      | Reached XP level 11. HP: 64/81 MP: 0/0
 10049 | D:9      | Learned a level 5 spell: Yara's Violent Unravelling
 10494 | D:9      | Reached * piety under Ashenzari
 10664 | D:10     | Entered Level 10 of the Dungeon
 10856 | D:10     | Reached ** piety under Ashenzari
 11251 | D:10     | Noticed Gastronok
 11341 | D:10     | Killed Gastronok
 11435 | D:10     | Found Byfylaos's General Store.
 11443 | D:10     | Bought a scroll of teleportation for 45 gold pieces
 11443 | D:10     | Bought a scroll of teleportation for 45 gold pieces
 11443 | D:10     | Bought a potion of haste for 150 gold pieces
 11443 | D:10     | Bought a scroll of vulnerability for 60 gold pieces
 12049 | D:11     | Reached *** piety under Ashenzari
 12050 | D:11     | Noticed a manticore
 12068 | D:11     | Killed a manticore
 12344 | D:11     | Noticed Nergalle
 12363 | D:11     | Killed Nergalle
 12364 | D:11     | Reached skill level 9 in Fighting
 12602 | D:11     | Noticed Psyche
 12607 | D:11     | Reached XP level 12. HP: 72/89 MP: 0/0
 12609 | D:11     | Killed Psyche
 12611 | D:11     | Noticed Harold
 12869 | Lair:1   | Entered Level 1 of the Lair of Beasts
 12909 | Lair:1   | Reached skill level 10 in Dodging
 12934 | Lair:1   | Reached skill level 1 in Shields
 13279 | Lair:1   | Noticed Erica
 13290 | Lair:1   | Killed Erica
 13291 | Lair:1   | Reached skill level 10 in Fighting
 14338 | Lair:2   | Noticed Urug
 14360 | Lair:2   | Killed Urug
 15106 | Lair:2   | Found a hole to the Spider Nest.
 15110 | Lair:2   | Reached skill level 11 in Fighting
 15399 | Lair:2   | Reached XP level 13. HP: 72/102 MP: 0/0
 15399 | Lair:2   | Learned a level 5 spell: Lightning Bolt
 16128 | Lair:3   | Found a frozen archway.
 16133 | Lair:3   | Reached skill level 12 in Fighting
 17291 | D:12     | Reached skill level 10 in Stealth
 17717 | D:12     | Found a staircase to the Orcish Mines.
 18101 | D:12     | Noticed Sonja
 18108 | D:12     | Killed Sonja
 18327 | D:12     | Reached skill level 13 in Fighting
 18327 | D:12     | Reached skill level 1 in Armour
 18968 | D:12     | Reached **** piety under Ashenzari
 19071 | Orc:1    | Entered Level 1 of the Orcish Mines
 19072 | Orc:1    | Noticed Fannar
 19092 | D:12     | Killed Fannar
 19247 | Orc:1    | Found Besal's Weapon Boutique.
 19376 | Orc:1    | Found Cipso's Weapon Shoppe.
 19430 | Orc:1    | Reached XP level 14. HP: 84/114 MP: 0/0
 19617 | Orc:1    | Found Ocrag's Antique Weapon Shoppe.
 19627 | Orc:1    | Found Yrokaqem's Book Shop.
 19734 | Orc:1    | Found Goqirr Doni's Antique Weapon Emporium.
 19882 | Orc:2    | Entered Level 2 of the Orcish Mines
 20086 | Orc:2    | Found Rosuaz's Assorted Antiques.
 20086 | Orc:2    | Found Kanach's Antique Weapon Shop.
 20097 | Orc:2    | Found Pemoxefe's Book Boutique.
 20097 | Orc:2    | Found Ynwolic's Magic Scroll Shop.
 20106 | Orc:2    | Bought a scroll of fog for 56 gold pieces
 20106 | Orc:2    | Bought a scroll of enchant armour for 105 gold pieces
 20108 | Orc:2    | Bought a potion of curing for 87 gold pieces
 20108 | Orc:2    | Bought a scroll of teleportation for 87 gold pieces
 20220 | Orc:2    | Paralysed by an orc sorcerer for 3 turns
 20490 | Orc:2    | Noticed an orc warlord
 20507 | Orc:2    | Killed an orc warlord
 20729 | Orc:2    | Found a staircase to the Elven Halls.
 20763 | Orc:2    | Found Fafratwi's Vocational Training.
 21003 | D:5      | Bought a manual of Dodging for 1120 gold pieces
 21143 | Lair:3   | Slain by a death yak

Illustrated notes

Levels and vault maps discovered:
D:1:      spicycebolla_arrival_transporter_tutorial, layout_basic,
          minmay_cut_off
D:2:      layout_basic, basic_altar, grunt_ministairs_10,
          kennysheep_generic_room_15
D:3:      layout_basic, lemuel_crystal_altar, nicolae_overflow_hidden_temple,
          shapermc_ecumenical_altar_venn
D:4:      layout_loops_ring, mainiacjoe_overflow_surrounded_room,
          chequers_temple_overflow_statue_of_worship,
          minmay_temple_entry_antechambers, gammafunk_ghost_stat_death,
          kennysheep_path_1, uniq_robin
D:5:      kennysheep_big_flooded_room, layout_loops_ring, serial_shops,
          nicolae_shop_temple_entry_statues_fountains,
          nicolae_shop_window_shopping, shop, nicolae_diamond_shop,
          nicolae_shop_crystal
D:6:      layout_basic, fedhas_altar_decomposition, kennysheep_little_box,
          serial_park_tiny_1, skrybe_limestone_x, kennysheep_cross_bottleneck
D:7:      layout_basic, mainiacjoe_overflow_24_doors, zin_statuary,
          serial_shops, kennysheep_mini, shop_fountains, serial_corexii_hall,
          corexii_hall_statues_x, corexii_hall_statues_x,
          corexii_hall_statues_x, corexii_hall_statues_t
D:8:      layout_basic, nicolae_overflow_two_pavilions, dpeg_oklobed_lair,
          serial_demonic, serial_demonic_e, serial_demonic_g, serial_demonic_b,
          serial_demonic_g, serial_demonic_c, serial_demonic_f,
          serial_demonic_a, pf_guarded_unrand_woodcutter
D:9:      layout_cave_pools, enter_bailey_2, serial_column_ruins,
          column_ruins_columns_straight, column_ruins_grid_1,
          column_ruins_columns_straight, column_ruins_columns_straight,
          uniq_erolcha
D:10:     layout_cave_pods, serial_column_ruins, column_ruins_hut_pillars,
          column_ruins_square_medium, column_ruins_open_small,
          column_ruins_grid_3, column_ruins_open_medium, column_ruins_open_tiny,
          column_ruins_corridor_plus, column_ruins_columns_straight,
          serial_shops, nicolae_shop_trees, minmay_crystal_water,
          grunt_decor_junction, uniq_gastronok
D:11:     layout_loops_corners, lightli_fourway_metalbox, uniq_nergalle,
          uniq_harold, uniq_psyche
D:12:     layout_loops_corners, erik_orc_1, uniq_sonja
Temple:   cyrus_temple_forest
Lair:1:   layout_regular_city, uniq_erica
Lair:2:   layout_cave_pods, nicolae_spider_entry_non_spiders,
          infiniplex_staircase_pool_2, uniq_urug
Lair:3:   layout_cave_pods, nicolae_swamp_entry_splash_gauntlet,
          portal_ice_cave_entry_imps, grunt_megastairs_1,
          infiniplex_staircase_pool, uniq_josephine
Orc:1:    layout_caves, serial_shops, nicolae_shop_behind_doors, shop,
          shop_fountains, shop, nicolae_shop_statue_plus, elves_outpost_lemuel,
          uniq_fannar
Orc:2:    st_orc_mages, layout_caves, basic_altar, nicolae_shop_vocational

Skill      XL: |  1  2  3  4  5  6  7  8  9 10 11 12 13 14 |
---------------+-------------------------------------------+-----
Spellcasting   | 3 4 5 6 8 9 |  9.3
Fighting       | 2 4 6 8 9 11 13 | 13.8
Stealth        | 2 4 5 7 8 9 10 | 10.8
Dodging        | 3 5 7 9 11 12 | 12.8
Shields        | 2 |  2.7
Armour         | 2 |  2.6

Action                     |  1- 3 |  4- 6 |  7- 9 | 10-12 | 13-15 || total
---------------------------+-------+-------+-------+-------+-------++-------
  Melee: Dagger            |     6 |    14 |    56 |    15 |       ||    91
         Battleaxe         |       |       |       |   209 |   166 ||   375
  Throw: Stone             |       |     1 |       |       |       ||     1
         Boomerang         |       |       |     1 |       |       ||     1
   Cast: Sting             |    31 |    27 |     9 |     6 |     3 ||    76
         Poisonous Vapours |    12 |    32 |    23 |    49 |    37 ||   153
         Scorch            |       |    14 |    49 |    24 |     6 ||    93
         Olgreb's Toxic Ra |       |     7 |    35 |    70 |    74 ||   186
         Static Discharge  |       |       |     2 |     6 |       ||     8
         Teleport Other    |       |       |     1 |       |       ||     1
         Mephitic Cloud    |       |       |       |    13 |     1 ||    14
         Lightning Bolt    |       |       |       |       |    58 ||    58
         Magic Dart        |       |       |       |       |     4 ||     4
 Invoke: Curse Item        |       |       |     1 |     4 |     1 ||     6
         Shatter the Chain |       |       |       |     1 |       ||     1
  Evoke: Wand              |       |       |     2 |     1 |       ||     3
    Use: Scroll            |       |     7 |     5 |       |     5 ||    17
         Potion            |       |       |     1 |     1 |     4 ||     6
   Stab: Confused          |       |       |       |     6 |       ||     6
         Sleeping          |       |       |       |     3 |       ||     3
 Armour: Robe              |     3 |     3 |    17 |       |       ||    23
         Steam dragon scal |       |       |     5 |    55 |    23 ||    83
         Troll leather arm |       |       |       |       |    31 ||    31
  Dodge: Dodged            |    18 |    20 |    63 |   293 |   311 ||   705

Table legend: (Time is in decaauts)
 A = Elapsed time spent in this place.
 B = Non-inter-level travel time spent in this place.
 C = Inter-level travel time spent in this place.
 D = Time resting spent in this place.
 E = Time spent auto-exploring this place.
 F = Levels seen in this place.
 G = Mean time per level.
                   A        B        C        D        E       F      G
               +--------+--------+--------+--------+--------+-----+--------+
         Total |  21168 |  20153 |   1015 |   3286 |  13178 |  19 | 1114.1 |
       Dungeon |  14339 |  13692 |    647 |   1695 |   9713 |  12 | 1194.9 |
        Temple |     82 |     45 |     37 |      0 |     38 |   1 |   82.0 |
          Lair |   4351 |   4125 |    226 |   1085 |   2370 |   3 | 1450.3 |
  Orcish Mines |   1609 |   1504 |    105 |    108 |    884 |   2 |  804.5 |
        Bailey |    784 |    784 |      0 |    398 |    173 |   1 |  784.0 |
               +--------+--------+--------+--------+--------+-----+--------+

Top non-repeatable levels by time:
  Lair:2: 2165 daAuts
    D:12: 2120 daAuts
     D:8: 1649 daAuts
  Lair:1: 1531 daAuts
    D:10: 1426 daAuts
     D:5: 1224 daAuts
     D:3: 1164 daAuts
     D:7: 1085 daAuts
     D:4: 1061 daAuts
     D:1: 1025 daAuts
     D:6: 941 daAuts
     D:9: 927 daAuts
     D:2: 902 daAuts
   Orc:2: 841 daAuts
    D:11: 810 daAuts
